Map: Oxide LE

Players

Serral

  • Race: Zerg Zerg

Clem - Winner!

  • Race: Terran Terran

Event: DreamHack SC2 Masters 2021 Fall

VOD

Have the link to the VOD?

Description

Time

  • Played on: Aug. 15, 2021, 1:34 p.m.
  • Length: 19:51

All games in this series

Show
View Real Time Build Order
Export as new Build Order

Serral Zerg 

Build Orders: Hatch First, Lurkers 

Get SALT Encoding   

  12  0:00  Drone  
  13  0:11  Overlord  
  13  0:16  Drone  
  14  0:30  Drone x2  
  16  0:46  Hatchery  
  15  0:50  Drone  
  15  0:53  Drone  
  15  0:57  Drone  
  18  1:07  Extractor  
  17  1:12  Spawning Pool  
  17  1:15  Drone  
  17  1:18  Drone  
  18  1:27  Drone  
  19  1:38  Drone  
  20  1:48  Drone  
  21  1:58  Queen x2  
  21  1:59  Zergling x4  
  27  2:09  Overlord  
  27  2:10  Drone  
  28  2:22  Hatchery  
  27  2:32  Drone x4  
  30  2:38  Metabolic Boost  
  30  2:45  Queen  
  30  2:50  Overlord  
  32  2:53  Drone  
  32  2:55  Drone  
  32  2:57  Drone  
  35  3:02  Drone  
  36  3:06  Overlord  
  36  3:10  Drone x3  
  39  3:13  Drone  
  39  3:18  Queen  
  42  3:20  Drone  
  42  3:25  Queen  
  45  3:33  Zergling x4  
  47  3:34  Queen  
  47  3:36  Drone  
  47  3:39  Drone x2  
  52  3:41  Overlord  
  52  3:44  Zergling x2  
  52  3:46  Overlord  
  53  3:49  Drone x2  
  53  3:54  Drone x3  
  58  3:59  Overlord  
  58  4:01  Drone x2  
  60  4:04  Overlord  
  60  4:07  Zergling x2  
  60  4:09  Drone  
  62  4:13  Queen  
  62  4:15  Drone x2  
  66  4:18  Drone  
  66  4:19  Drone x2  
  66  4:21  Overlord  
  69  4:31  Drone x3  
  71  4:35  Lair  
  71  4:38  Baneling Nest, Drone x4  
  70  4:40  Drone  
  70  4:44  Zergling x2, Drone  
  77  4:46  Queen, Extractor  
  77  4:47  Extractor  
  77  4:49  Overlord  
  77  4:50  Drone x2  
  79  4:53  Queen  
  79  4:56  Drone, Overlord  
  79  4:59  Drone  
  83  5:00  Extractor  
  83  5:06  Drone x3  
  85  5:08  Zergling x10  
  85  5:13  Zergling x2  
  91  5:17  Zergling x2, Hatchery  
  91  5:22  Drone, Evolution Chamber x2, Overlord  
  91  5:24  Zergling x4  
  92  5:29  Overlord  
  92  5:30  Zergling x4  
  93  5:35  Overlord  
  93  5:36  Zergling x6  
  93  5:40  Overlord  
  96  5:48  Centrifical Hooks  
  96  5:49  Zerg Melee Weapons Level 1, Zerg Ground Armor Level 1  
  96  5:51  Zergling x8  
  96  5:52  Overlord  
  96  5:55  Overseer  
  100  5:57  Overlord  
  100  6:00  Overseer  
  100  6:01  Overlord  
  100  6:02  Zergling x8  
  104  6:16  Drone x5  
  108  6:19  Drone x2  
  108  6:20  Drone x5  
  108  6:23  Baneling x11  
  115  6:28  Baneling x5  
  115  6:30  Zergling x6  
  117  6:33  Queen  
  117  6:36  Zergling x2  
  120  6:41  Hatchery  
  120  6:44  Baneling x6  
  119  6:47  Zergling x8  
  119  6:52  Spore Crawler  
  119  6:53  Drone  
  119  6:54  Spore Crawler, Drone x2  
  122  6:56  Zergling x6  
  122  6:57  Zergling x6  
  122  6:58  Baneling x3  
  122  6:59  Baneling  
  130  7:07  Zergling x10  
  131  7:17  Drone x10  
  131  7:22  Drone x2  
  142  7:23  Zergling x8  
  142  7:25  Spore Crawler  
  139  7:35  Spore Crawler, Drone x2  
  138  7:37  Zergling x6  
  138  7:40  Burrow  
  139  7:44  Zergling x6  
  139  7:48  Queen, Hatchery  
  139  7:50  Spine Crawler  
  141  7:53  Zerg Melee Weapons Level 2, Zerg Ground Armor Level 2  
  139  7:58  Zergling x2  
  139  7:59  Zergling x18  
  139  8:05  Zergling x12  
  151  8:06  Baneling  
  151  8:07  Baneling x3  
  151  8:10  Overlord  
  151  8:11  Overseer  
  140  8:21  Zergling x14  
  144  8:27  Zergling x2  
  144  8:28  Zergling x10  
  144  8:30  Baneling x9  
  144  8:33  Zergling x2  
  151  8:38  Baneling x4  
  150  8:42  Infestation Pit  
  150  8:48  Zergling x26  
  147  8:58  Baneling x10  
  147  9:00  Zergling x10  
  147  9:01  Zergling x6  
  147  9:04  Pneumatized Carapace  
  147  9:16  Zergling x18  
  147  9:17  Zergling x8  
  154  9:22  Zergling x2  
  154  9:23  Zergling x6  
  152  9:26  Baneling  
  152  9:27  Baneling x10  
  152  9:29  Queen  
  152  9:32  Zergling x8  
  156  9:40  Baneling x4, Overseer  
  156  9:42  Zergling x18  
  154  9:48  Zergling x6  
  152  9:56  Zergling x8  
  152  9:59  Baneling  
  153  10:07  Zergling x26  
  142  10:16  Hive  
  142  10:17  Extractor  
  142  10:19  Drone x3  
  142  10:20  Extractor, Drone x3, Hydralisk Den  
  142  10:21  Queen  
  145  10:23  Zergling x2, Baneling x5  
  145  10:24  Zergling x8  
  145  10:27  Baneling x5  
  139  10:37  Zergling x2  
  139  10:38  Zergling x32  
  135  10:45  Zergling x2  
  135  10:46  Zergling x10  
  135  10:48  Baneling x7  
  139  10:52  Extractor  
  139  10:56  Drone  
  139  10:57  Drone x2  
  139  10:58  Zergling x12  
  139  11:01  Zergling x2  
  139  11:03  Zergling x2  
  147  11:06  Zergling x2  
  147  11:07  Zergling x22  
  148  11:11  Zergling x8  
  148  11:13  Hatchery  
  148  11:16  Zergling x4  
  152  11:20  Baneling x3  
  152  11:24  Zergling x16  
  158  11:28  Spore Crawler  
  158  11:30  Adrenal Glands  
  158  11:31  Lurker Den  
  156  11:35  Zergling x26  
  156  11:38  Zerg Missile Weapons Level 1  
  160  11:44  Zergling x14  
  165  11:48  Baneling x3  
  165  11:49  Baneling x8  
  165  11:51  Extractor  
  165  11:53  Extractor, Drone x3  
  165  11:54  Drone  
  166  11:55  Zergling x4  
  166  11:56  Baneling x2  
  164  12:07  Zergling x14  
  164  12:08  Zergling x10  
  153  12:16  Drone x4  
  153  12:19  Hydralisk x3  
  163  12:23  Baneling x2  
  163  12:24  Baneling x3  
  163  12:25  Hydralisk x4  
  163  12:28  Baneling x7  
  169  12:42  Zergling x26, Baneling x2  
  169  12:47  Lurker x2  
  158  13:02  Lurker x5  
  162  13:08  Zergling x20  
  162  13:10  Baneling x3  
  162  13:11  Baneling x2  
  172  13:15  Seismic Spines  
  172  13:16  Overlord x2  
  172  13:19  Hatchery  
  170  13:25  Baneling x2  
  169  13:33  Drone x6  
  167  13:36  Viper x3, Baneling x5  
  167  13:39  Baneling x4  
  167  13:40  Zergling x8  
  178  13:54  Zergling x18  
  178  13:55  Zergling x6  
  171  14:00  Zergling x6  
  171  14:01  Zergling x6  
  169  14:14  Extractor  
  169  14:15  Drone x3  
  169  14:16  Zergling x2  
  169  14:17  Zergling x18  
  173  14:24  Zerg Ground Armor Level 3  
  173  14:26  Zerg Missile Weapons Level 2  
  172  14:39  Baneling x4  
  172  14:40  Baneling x2  
  172  14:41  Adaptive Talons  
  172  14:44  Muscular Augments  
  172  14:45  Zergling x2  
  172  14:46  Zergling x12  
  172  14:47  Baneling x3  
  168  14:53  Baneling x2  
  168  14:56  Zergling x18  
  157  15:00  Zergling x8  
  157  15:05  Zergling x10  
  166  15:16  Spore Crawler, Baneling x4  
  166  15:18  Zergling x14  
  166  15:19  Zergling x4  
  174  15:23  Overlord x2  
  174  15:28  Overseer x2  
  174  15:29  Overlord  
  173  15:36  Zergling x8  
  173  15:39  Overseer x2  
  177  15:44  Zergling x16  
  178  15:54  Zergling x14  
  178  15:56  Grooved Spines  
  172  16:00  Zergling x8  
  172  16:01  Zergling x4  
  177  16:09  Baneling x6  
  160  16:19  Zergling x20  
  169  16:32  Zergling x22  
  173  16:44  Zergling x4  
  173  16:45  Zergling x16  
  178  16:47  Baneling x6  
  178  16:48  Baneling  
  178  16:49  Baneling  
  178  16:58  Zergling x16  
  142  17:09  Zergling x20  
  147  17:17  Baneling x5, Hydralisk x2  
  139  17:31  Zergling x28  
  128  17:37  Zergling x12  
  128  17:43  Zergling x14  
  133  17:49  Zergling x2  
  133  17:50  Zergling x2  
  116  17:52  Baneling x8  
  116  17:53  Overseer  
  116  17:54  Baneling  
  116  17:55  Baneling x2  
  105  17:59  Zergling x8  
  97  18:13  Zergling x18  
  97  18:19  Baneling x4  
  106  18:27  Hydralisk  
  106  18:28  Hydralisk x3  
  106  18:32  Hydralisk  
  108  18:36  Overseer  
  108  18:37  Hydralisk x2  
  112  18:46  Hydralisk x3  
  111  18:58  Lurker x5  
  111  18:59  Overlord x2  
  114  19:03  Overlord  
  114  19:09  Lurker x2  
  113  19:24  Lurker x3  
  108  19:25  Hatchery  
  113  19:31  Overseer  
Show
View Real Time Build Order
Export as new Build Order

Clem Terran - Winner!

Build Orders: Reaper Expand 

Get SALT Encoding   

  12  0:00  SCV  
  13  0:12  SCV  
  14  0:16  Supply Depot  
  14  0:24  SCV  
  15  0:38  SCV  
  15  0:39  Barracks  
  16  0:44  Refinery  
  16  0:50  SCV  
  17  1:02  SCV  
  18  1:14  SCV  
  19  1:27  Reaper, Orbital Command  
  20  1:38  Command Center  
  20  1:45  Supply Depot  
  20  1:52  SCV  
  21  1:58  Marine  
  22  2:04  SCV  
  23  2:10  Factory  
  23  2:16  SCV  
  23  2:21  Barracks Reactor  
  24  2:28  SCV  
  25  2:37  Command Center  
  25  2:41  SCV  
  26  2:50  Orbital Command  
  26  2:53  SCV  
  27  2:58  Barracks  
  27  3:05  Barracks Tech Lab  
  27  3:07  SCV  
  27  3:08  Hellion  
  27  3:12  Hellion  
  32  3:17  Refinery, SCV  
  33  3:20  SCV  
  33  3:24  Marine  
  35  3:30  SCV  
  35  3:31  Stimpack  
  35  3:32  SCV  
  37  3:42  Marine, SCV  
  37  3:46  Starport  
  39  3:48  SCV  
  39  3:50  Orbital Command  
  39  3:52  Marine  
  39  3:54  Marine, SCV, Factory Reactor  
  43  4:00  Marine  
  43  4:02  SCV, Supply Depot  
  45  4:07  SCV  
  46  4:10  Marine  
  46  4:12  Marine  
  46  4:14  SCV  
  46  4:16  SCV  
  50  4:18  Marine  
  50  4:20  SCV  
  52  4:26  SCV, Supply Depot  
  52  4:28  Marine, SCV  
  52  4:29  Marine  
  53  4:36  Marine, Medivac  
  53  4:38  SCV, Factory Reactor  
  57  4:41  Supply Depot, Medivac  
  57  4:43  SCV  
  60  4:46  Marine, Orbital Command  
  60  4:47  Marine  
  60  4:48  Supply Depot  
  60  4:50  SCV  
  60  4:52  Barracks  
  63  4:54  Marine, Refinery  
  63  4:55  SCV  
  63  4:58  Engineering Bay  
  65  5:00  Engineering Bay  
  65  5:02  SCV  
  65  5:04  Marine, Supply Depot  
  65  5:05  Marine  
  68  5:07  SCV  
  68  5:11  Marine  
  68  5:13  Combat Shield  
  70  5:14  SCV  
  70  5:16  Refinery, SCV  
  70  5:18  Widow Mine x2  
  70  5:19  SCV  
  77  5:25  Marine x2  
  77  5:26  SCV  
  77  5:27  Terran Infantry Weapons Level 1  
  80  5:28  SCV  
  80  5:29  Marine  
  80  5:32  SCV  
  83  5:38  Supply Depot, SCV  
  83  5:40  Terran Infantry Armor Level 1, SCV  
  86  5:42  Marine  
  86  5:44  SCV  
  86  5:45  Marine  
  86  5:48  Barracks Reactor, Widow Mine x2  
  91  5:50  SCV  
  91  5:53  SCV  
  91  5:56  Barracks  
  93  5:57  Marine, Supply Depot, Barracks  
  93  6:01  Marine  
  93  6:03  SCV  
  96  6:05  SCV  
  96  6:07  Supply Depot  
  96  6:08  Medivac  
  99  6:11  Marine  
  99  6:12  SCV  
  99  6:13  Medivac  
  99  6:14  Widow Mine  
  99  6:15  SCV, Widow Mine  
  99  6:18  Marine, Supply Depot  
  108  6:21  SCV  
  108  6:23  Marine  
  108  6:24  Supply Depot, SCV  
  112  6:29  Marine  
  112  6:30  SCV  
  114  6:38  Refinery  
  114  6:39  Marine, SCV  
  116  6:40  Armory, Factory  
  116  6:43  Marine  
  116  6:44  SCV  
  118  6:47  Marine  
  118  6:53  Command Center  
  121  6:54  SCV x2  
  121  6:56  Marine x2, SCV  
  121  6:59  Barracks Reactor  
  121  7:00  Widow Mine  
  126  7:05  Medivac x2  
  128  7:09  Marine x2, Supply Depot, Orbital Command  
  128  7:12  Marine x2  
  128  7:14  Marine, SCV  
  134  7:21  Marine, Widow Mine x2  
  137  7:23  Supply Depot  
  129  7:30  SCV x2  
  129  7:34  Factory Tech Lab  
  129  7:35  SCV, Medivac  
  129  7:36  Marine x2  
  126  7:38  Marine  
  126  7:39  Marine x2  
  126  7:42  SCV x2  
  126  7:43  Widow Mine  
  131  7:44  Marine  
  131  7:45  Barracks Reactor  
  131  7:47  SCV  
  131  7:48  Marine  
  131  7:50  Widow Mine  
  136  7:52  Medivac  
  136  7:53  Marine  
  136  7:54  Marine, SCV  
  136  7:57  Terran Infantry Weapons Level 2  
  139  8:03  Terran Infantry Armor Level 2  
  139  8:06  Marine x2  
  139  8:10  Marine x2, SCV x3  
  142  8:14  Widow Mine  
  142  8:15  Marine, Widow Mine  
  142  8:17  Marine x2  
  146  8:20  Marine  
  146  8:21  Marine  
  146  8:23  Marine  
  146  8:24  Marine  
  146  8:25  SCV  
  146  8:27  Medivac  
  154  8:28  Marine x2  
  154  8:32  Marine  
  154  8:33  Factory Tech Lab  
  154  8:35  Marine x2, Widow Mine  
  154  8:36  Widow Mine  
  160  8:42  Medivac  
  160  8:43  Marine  
  160  8:44  Marine x2  
  160  8:45  Marine  
  160  8:46  Marine x2  
  160  8:47  SCV  
  160  8:48  SCV x2  
  156  8:50  Marine  
  156  8:52  Marine  
  156  8:53  Marine  
  156  8:54  Widow Mine, Drilling Claws  
  160  8:57  Widow Mine, Medivac  
  160  8:58  Widow Mine, Planetary Fortress  
  160  8:59  SCV  
  160  9:01  Marine  
  160  9:02  Marine  
  162  9:07  Marine x2  
  162  9:09  Marine  
  165  9:10  SCV x2  
  165  9:11  SCV  
  165  9:12  Sensor Tower  
  165  9:15  Supply Depot x2, Widow Mine  
  168  9:17  Marine  
  168  9:22  SCV  
  162  9:24  Marine  
  162  9:25  SCV  
  162  9:30  Supply Depot  
  156  9:31  Supply Depot  
  156  9:32  Supply Depot  
  156  9:35  Terran Vehicle And Ship Armor Level 1  
  156  9:36  SCV x2, Liberator  
  156  9:37  Marine, SCV, Widow Mine x3  
  156  9:38  Marine  
  169  9:41  Marine  
  169  9:42  Marine  
  172  9:46  Marine  
  172  9:47  Marine  
  172  9:49  Medivac  
  172  9:52  Marine x3  
  175  9:53  SCV  
  175  9:55  Marine  
  175  9:56  Marine  
  175  9:58  Widow Mine  
  175  9:59  Marine x2  
  175  10:01  Widow Mine  
  175  10:04  Marine  
  175  10:05  Marine  
  165  10:09  Marine x3  
  165  10:10  SCV  
  165  10:12  Widow Mine  
  165  10:13  Marine, SCV  
  165  10:14  Marine  
  152  10:15  SCV  
  152  10:16  SCV  
  152  10:17  Marine x2  
  157  10:22  Marine  
  157  10:23  Marine, Barracks  
  157  10:24  Widow Mine, Barracks  
  157  10:26  Barracks  
  157  10:27  Marine  
  162  10:31  Widow Mine  
  162  10:33  Marine  
  155  10:36  Widow Mine  
  155  10:38  Marine x3  
  155  10:39  Marine x2  
  155  10:42  Medivac  
  146  10:43  Marine x2  
  146  10:45  Marine, Widow Mine  
  146  10:46  Terran Infantry Weapons Level 3  
  148  10:50  Marine  
  148  10:51  Terran Infantry Armor Level 3  
  148  10:53  Widow Mine  
  148  10:56  Marine x2  
  152  10:58  Widow Mine  
  152  11:01  Marine x2  
  152  11:02  Marine x3  
  159  11:04  SCV x2  
  159  11:05  Refinery, SCV  
  159  11:06  Refinery, Widow Mine  
  162  11:14  Command Center  
  162  11:15  Barracks Tech Lab x2  
  162  11:17  Marine  
  159  11:20  Marine x4, Widow Mine, Marauder  
  159  11:22  Barracks Tech Lab  
  159  11:24  Marine  
  164  11:28  Widow Mine  
  164  11:29  Marine, Widow Mine  
  164  11:31  Marine  
  170  11:34  Concussive Shells  
  170  11:35  Marine  
  170  11:37  Marauder  
  170  11:38  Marine  
  170  11:39  Marauder  
  170  11:41  Marine, Widow Mine  
  170  11:42  Marauder x2  
  170  11:46  Command Center  
  174  11:48  Marine  
  174  11:49  Marine  
  174  11:50  Widow Mine x2  
  174  11:53  Marine x2  
  182  11:58  Marauder  
  182  12:01  Marauder  
  184  12:02  Marine x2, Widow Mine  
  184  12:03  Marauder x2  
  184  12:04  Marine  
  189  12:11  Widow Mine x2  
  189  12:13  Marine x4  
  196  12:17  Marine  
  196  12:18  Liberator, Terran Vehicle And Ship Armor Level 2  
  196  12:36  Marine, Command Center  
  196  12:37  Marine x2  
  196  12:39  Marine x3  
  196  12:40  Widow Mine x3, Marauder  
  196  12:43  Marine x2  
  192  12:44  Marauder x3  
  191  12:54  Marine  
  191  12:55  Marine x2  
  191  12:57  Marine x2  
  192  12:59  Ghost Academy  
  192  13:01  Widow Mine, Marauder  
  192  13:02  Widow Mine x2  
  199  13:05  Marauder x3  
  199  13:20  Command Center  
  199  13:22  SCV, Command Center  
  199  13:23  Widow Mine  
  199  13:26  Missile Turret  
  198  13:31  Ghost  
  198  13:33  Ghost  
  200  13:35  Ghost  
  200  13:40  Ghost  
  198  13:41  Missile Turret  
  197  13:49  Orbital Command  
  197  13:55  SCV  
  190  13:58  SCV  
  190  13:59  Ghost  
  190  14:01  Ghost  
  191  14:04  Widow Mine  
  191  14:08  Planetary Fortress  
  190  14:12  Widow Mine  
  190  14:13  SCV  
  190  14:14  SCV  
  190  14:17  SCV  
  188  14:18  Marine x2, Marauder  
  188  14:20  Liberator x2  
  188  14:22  SCV, Missile Turret  
  199  14:25  Refinery, Missile Turret  
  199  14:27  Refinery  
  199  14:30  Sensor Tower  
  188  14:39  Ghost x3  
  192  14:56  Ghost  
  176  15:00  Terran Vehicle And Ship Armor Level 3  
  176  15:01  Widow Mine  
  176  15:03  Personal Cloaking  
  178  15:07  Command Center  
  178  15:16  Widow Mine x2  
  178  15:18  Ghost  
  178  15:19  Ghost x2  
  178  15:20  Marine x2  
  190  15:22  Widow Mine  
  190  15:25  Ghost  
  194  15:37  Widow Mine x2  
  194  15:42  Neosteel Armor  
  196  15:47  Ghost  
  196  15:48  Marine x2, SCV, Widow Mine  
  198  15:56  Orbital Command  
  197  15:58  Widow Mine  
  197  15:59  Missile Turret  
  199  16:06  Hi-Sec Auto Tracking  
  192  16:11  Missile Turret  
  192  16:12  Widow Mine, Orbital Command x2  
  192  16:13  Sensor Tower  
  192  16:15  Medivac x2, Ghost  
  192  16:16  Ghost  
  192  16:17  Marine  
  193  16:19  Widow Mine  
  193  16:20  Orbital Command x2  
  195  16:28  Refinery, Missile Turret  
  195  16:29  Refinery  
  195  16:30  Widow Mine  
  195  16:32  SCV  
  198  16:36  Ghost  
  198  16:39  Ghost  
  198  16:43  SCV  
  198  16:44  Ghost  
  196  16:47  SCV  
  196  16:51  Ghost, Missile Turret  
  198  16:56  Missile Turret  
  198  16:57  Widow Mine  
  200  17:06  Ghost  
  194  17:08  SCV  
  187  17:16  Command Center  
  187  17:21  Widow Mine  
  187  17:22  Missile Turret  
  189  17:24  Ghost  
  189  17:25  SCV  
  189  17:29  Widow Mine  
  187  17:35  Widow Mine  
  187  17:36  Orbital Command  
  180  17:40  Marine, Marauder  
  180  17:41  SCV x2  
  180  17:42  Widow Mine  
  180  17:43  SCV, Orbital Command  
  178  17:44  Ghost  
  178  17:46  SCV  
  179  17:51  Medivac  
  179  17:53  Marine  
  179  17:54  Marine  
  179  17:56  SCV  
  184  17:59  SCV  
  184  18:01  SCV  
  184  18:04  Orbital Command  
  185  18:10  SCV  
  175  18:14  SCV  
  175  18:15  SCV  
  175  18:18  SCV  
  171  18:20  SCV, Ghost  
  171  18:23  SCV  
  171  18:26  SCV  
  176  18:28  Medivac  
  176  18:29  SCV  
  176  18:32  SCV x2  
  180  18:34  Missile Turret  
  180  18:37  Planetary Fortress  
  180  18:47  Widow Mine  
  180  18:48  Widow Mine  
  181  18:49  SCV  
  181  18:51  SCV  
  181  18:52  SCV  
  182  18:56  SCV  
  182  18:58  Missile Turret  
  185  19:04  Missile Turret  
  185  19:07  Liberator x2  
  185  19:09  Marauder x3  
  195  19:13  Marauder  
  197  19:17  Command Center  
  197  19:21  SCV  
  194  19:29  Command Center  
  196  19:36  SCV  

Tags
 
Add a new tag
Caveats
  • Supply blocks, unpowered buildings, or Contaminate may cause inaccurate times.
  • Supply counts are checked every 10 seconds.